 Dungeon Crawl Stone Soup version 0.26-a0-541-g3b3d21e777 (webtiles) character file.

Game seed: 14320989674266610060

67 CovertPenguin the Chopper (level 3, 0/31 HPs)
             Began as a Minotaur Fighter on Aug 16, 2020.
             Succumbed to an adder's poison
             ... on level 2 of the Dungeon.
             The game lasted 00:02:11 (1395 turns).

CovertPenguin the Chopper (Minotaur Fighter)        Turns: 1395, Time: 00:02:11

Health: 0/31       AC:  6    Str: 20    XL:     3   Next: 98%
Magic:  2/2        EV:  9    Int:  6    God:
Gold:   17         SH:  0    Dex:  9    Spells: 2/2 levels left

rFire    . . .     SeeInvis .   a - +0 war axe
rCold    . . .     Faith    .   (no shield)
rNeg     . . .     Spirit   .   b - +0 scale mail
rPois    .         Reflect  .   (helmet restricted)
rElec    .         Harm     .   (no cloak)
rCorr    .                      (no gloves)
MR       .....                  (no boots)
Stlth    ..........             (no amulet)
HPRegen  0.10/turn              (no ring)
MPRegen  0.08/turn              (no ring)

@: brilliant, lethally poisoned (0 -> -2)
A: retaliatory headbutt, horns 2
a: no special abilities


You were on level 2 of the Dungeon.
You visited 1 branch of the dungeon, and saw 2 of its levels.

You collected 17 gold pieces.

Inventory:

Hand Weapons
 a - a +0 war axe (weapon)
Missiles
 c - 43 stones (quivered)
Armour
 b - a +0 scale mail (worn)
Jewellery
 i - an uncursed ring of poison resistance {unknown}
   (You found it on level 2 of the Dungeon)
Scrolls
 e - a scroll of immolation {unknown}
 h - a scroll of random uselessness {unknown}
Potions
 d - a potion of might


   Skills:
 - Level 3.6 Fighting
 * Level 5.2 Axes
 - Level 3.6 Armour
   Level 3.6 Shields


You had 2 spell levels left.
You didn't know any spells.
Your spell library was empty.

Dungeon Overview and Level Annotations

Branches:
Dungeon (2/15)

Altars:


Innate Abilities, Weirdness & Mutations

You reflexively headbutt those who attack you in melee.
You have a pair of horns on your head.


Message History

The adder poisons you! The adder bites you but does no damage.
You closely miss the kobold. You closely miss the adder.
* * * LOW HITPOINT WARNING * * *
You feel sick. The adder bites you.
* * * LOW HITPOINT WARNING * * *
The kobold hits you but does no damage. The adder bites you but does no damage.
You slash the adder!
You kill the adder!
You slash the kobold!
You kill the kobold!
* * * LOW HITPOINT WARNING * * *
You feel sick.
It was a potion of lignification.
You turn into a tree.
Your +0 scale mail melds into your body.
Your roots penetrate the ground.
* * * LOW HITPOINT WARNING * * *
You feel sick.
It was a potion of brilliance.
You feel clever all of a sudden.
* * * LOW HITPOINT WARNING * * *
You feel sick.
* * * LOW HITPOINT WARNING * * *
You feel sick.
* * * LOW HITPOINT WARNING * * *
You feel sick.
* * * LOW HITPOINT WARNING * * *
You feel sick.
Unknown command.
* * * LOW HITPOINT WARNING * * *
You feel sick.
* * * LOW HITPOINT WARNING * * *
You feel sick.
There is a lethal amount of poison in your body!
Unknown command.
* * * LOW HITPOINT WARNING * * *
You feel sick.
* * * LOW HITPOINT WARNING * * *
You feel sick.
Your transformation is almost over.
* * * LOW HITPOINT WARNING * * *
You feel sick.
* * * LOW HITPOINT WARNING * * *
You feel sick.
Unknown command.
* * * LOW HITPOINT WARNING * * *
You feel sick.
Unknown command.
You feel less wooden.
Your +0 scale mail unmelds from your body.
You die...

..# ...# ###
##+##+##..# #..
#...[.....# #.# ####
#.........# #.#
###...###.........# #.#
..................###'#
....#..####......#....
. #@## ##....)#....
#(†# #..#..#.... #...
#. #..#..#....
##..##.##..#.[.....
####..#......†...#
...........#####
#..............
#.........#####
.###.........#####


There were no monsters in sight!

Vanquished Creatures
  3 adders (D:2)
  A worm (D:2)
  2 dart slugs
  2 leopard geckos
  3 goblins
  9 hobgoblins
  A quokka (D:2)
  A ball python (D:2)
  A bat (D:1)
  3 frilled lizards (D:2)
  2 kobolds (D:2)
  4 rats
32 creatures vanquished.

Notes
Turn   | Place    | Note
-------+----------+-------------------------------------------
     0 | D:1      | CovertPenguin the Minotaur Fighter began the quest for the
                  | Orb.
     0 | D:1      | Reached XP level 1. HP: 19/19 MP: 0/0
   173 | D:1      | Reached skill level 3 in Axes
   498 | D:1      | Reached XP level 2. HP: 26/26 MP: 1/1
   804 | D:2      | Reached skill level 4 in Axes
  1071 | D:2      | Reached XP level 3. HP: 31/31 MP: 2/2
  1369 | D:2      | Reached skill level 5 in Axes
  1385 | D:2      | HP: 2/46 [poisoned by an adder]
  1391 | D:2      | HP: 1/46 [poisoned by an adder]
  1395 | D:2      | Succumbed to an adder's poison

Illustrated notes

Levels and vault maps discovered:
D:1:      minmay_arrival_split_and_join, layout_basic
D:2:      minmay_door_path, layout_basic, nicolae_dithmenos_shadow_blocks,
          minmay_misc_feat_columns, st_stairs_11, minmay_close_crescents

Skill      XL: |  1  2  3 |
---------------+----------+-----
Axes           | 3 4 5 |  5.2
Fighting       | |  3.6
Armour         | |  3.6
Shields        | |  3.6

Action                   || total
-------------------------++-------
Melee: War axe           ||    83
       Headbutt          ||     6
  Use: Potion            ||     2
Armor: Scale mail        ||    48
Dodge: Dodged            ||    51
Block: Kite shield       ||     1

Table legend: (Time is in decaauts)
 A = Elapsed time spent in this place.
 B = Non-inter-level travel time spent in this place.
 C = Inter-level travel time spent in this place.
 D = Time resting spent in this place.
 E = Time spent auto-exploring this place.
 F = Levels seen in this place.
 G = Mean time per level.
                   A        B        C        D        E       F      G
               +--------+--------+--------+--------+--------+-----+--------+
         Total |   1421 |   1386 |     35 |     82 |   1080 |   2 |  710.5 |
       Dungeon |   1421 |   1386 |     35 |     82 |   1080 |   2 |  710.5 |
               +--------+--------+--------+--------+--------+-----+--------+

Top non-repeatable levels by time:
     D:1: 962 daAuts
     D:2: 458 daAuts
